AoeStats
← LVDB_ElGusano

Nomad

509989353Analyzed
2v2 RM · 3d ago on Sep 28, 2026· 25m 21s· 4 players
Game mode
Random Map
Map size
176×176
Population
200
Speed
Normal
Resources
Standard
Victory
Conquest
Starting age
Dark Age
Ending age
Imperial Age
RankedLock teamsTeams togetherTeam positionsShared explorationLock speedFull tech treeHidden civsTurbo modeCheats
Victory
Defeat
🇦🇷 Aztecs · Argentina
1482
+16
🇦🇷 Malay · Argentina
1477
+16
🇺🇦 Malians · Ukraine
1486
-16
🇵🇪 Italians · Peru
1484
-16
LVDB_ElGusano
4:05 Loom
12:52 Feudal Age
13:25 Town Watch
16:42 Castle Age
15:58 Double-Bit Axe
16:32 Gold Mining
18:31 Wheelbarrow
18:18 Redemption
19:12 Sanctity
20:15 Fervor
22:24 Atonement
LVDB_Mastropiero
3:27 Loom
12:52 Feudal Age
19:17 Castle Age
18:42 Scale Barding Armor
22:18 Forging
Korondo
6:27 Loom
14:22 Feudal Age
15:43 Town Watch
21:13 Castle Age
Maech_
5:05 Loom
13:34 Feudal Age
16:11 Fletching
20:14 Castle Age
Connection lost

Rejoining the realm…

Still unreachable

The connection could not be restored.

Session expired

The server has moved on; the page needs a fresh start.